 Dungeon Crawl Stone Soup version 0.16.2-2-g470672f (webtiles) character file.

7228 poirepourri the Cleaver (level 10, -1/98 HPs)
             Began as a Deep Dwarf Berserker on Aug 23, 2015.
             Was an Elder of Trog.
             Slain by a yak (11 damage)
             ... on level 1 of the Lair of Beasts.
             The game lasted 00:28:19 (8933 turns).

poirepourri the Cleaver (Deep Dwarf Berserker)      Turns: 8933, Time: 00:28:19

Health: -1/98      AC: 16    Str: 24 (25) XL:     10   Next: 88%
Magic:  9/10       EV: 14    Int:  7      God:    Trog [****..]
Gold:   352        SH:  7    Dex: 12      Spells: 0 memorised, 9 levels left

rFire  . . .     SeeInvis .     x - +2 war axe
rCold  . . .     Clarity  .     r - +2 scale mail
rNeg   + . .     SustAb   +     H - +0 buckler
rPois  .         Gourm    .     (no helmet)
rElec  .         Spirit   .     D - +0 cloak
rCorr  .         Warding  .     y - +0 pair of gloves
rMut   .         Stasis   .     (no boots)
MR     +....                    (no amulet)
Stlth  +.........               k - ring of sustain abilities
                                o - ring of positive energy

@: non-regenerating, somewhat resistant to hostile enchantments, very unstealthy
A: damage resistance, recharge devices, large bone plates 1, thin metallic
scales 1, sense surroundings 2, slow healing 3, MP-powered wands 1
a: Device Recharging, Burn Spellbooks, Berserk, Trog's Hand, Brothers in Arms,
Renounce Religion


You were on level 1 of the Lair of Beasts.
You worshipped Trog.
Trog was greatly pleased with you.
You were not hungry.

You visited 2 branches of the dungeon, and saw 10 of its levels.

You collected 506 gold pieces.
You spent 154 gold pieces at shops.

Inventory:

Hand weapons
 a - a +0 hand axe
 x - a +2 war axe (weapon)
Armour
 b - a +0 animal skin
 r - a +2 scale mail (worn)
 y - a +0 pair of gloves (worn)
 D - a +0 cloak (worn)
 H - a +0 buckler (worn)
Jewellery
 k - a ring of sustain abilities (right hand)
 o - a ring of positive energy (left hand)
 A - an uncursed ring of fire
Magical devices
 c - a wand of heal wounds (1)
 l - a wand of magic darts (40)
 s - a wand of magic darts (0)
 t - a wand of enslavement (11)
 u - a wand of random effects (25)
 v - a wand of paralysis (13)
 w - a wand of fireball (3)
 B - a wand of lightning (5)
 J - a wand of cold (10)
 P - a wand of invisibility (1)
Scrolls
 g - 4 scrolls of magic mapping
 h - a scroll of random uselessness
 j - 7 scrolls of identify
 n - 6 scrolls of remove curse
 p - 4 scrolls of teleportation
 F - a scroll of blinking
 G - a scroll of fog
 N - 2 scrolls of recharging {unknown}
Potions
 e - 2 potions of agility
 m - a potion of berserk rage
 q - a potion of flight
 z - 2 potions of ambrosia
 C - a potion of might
 L - a potion of brilliance
 M - a potion of heal wounds
Books
 K - a book of Necromancy

   Spells                             Type                      Level
   a - Pain                           Necromancy                   1
   b - Animate Skeleton               Necromancy                   1
   c - Vampiric Draining              Necromancy                   3
   d - Regeneration                   Charms/Necromancy            3
   e - Animate Dead                   Necromancy                   4
   f - Control Undead                 Necromancy                   4
   Trog disapproves of the use of such an item.
Miscellaneous
 I - a plain deck of destruction
Comestibles
 d - 6 bread rations
 f - 14 fruits
 i - 3 meat rations
 E - 11 slices of pizza
 O - a beef jerky


   Skills:
 * Level 8.8 Fighting
 + Level 9.9 Axes
 + Level 7.4 Armour
 + Level 9.1 Dodging
 + Level 2.1 Stealth
 + Level 4.0 Shields
 + Level 1.3 Evocations


You had 9 spell levels left.
You didn't know any spells.

Dungeon Overview and Level Annotations

Branches:
Dungeon (9/15)             Temple (0/1) D:5            Lair (1/8) D:8
    Orc: D:9-12

Altars:
Dithmenos
Elyvilon
Fedhas
Gozag
Kikubaaqudgha
Makhleb
Sif Muna
Trog
Vehumet
Xom
Zin
The Shining One

Shops:
D:8 }


Innate Abilities, Weirdness & Mutations

You are resistant to damage.
You can recharge devices by infusing magical energy.
You passively map the area around you.
You do not heal naturally.
You are partially covered in large bone plates (AC +2, SH +2).
You are partially covered in thin metallic scales (AC +2).
You expend magic power (3 MP) to slightly strengthen your wands.


Message History

The yak is severely wounded.
You hit the wolf.
The wolf is lightly wounded.
You block the wolf's attack. The yak gores you!
* * * LOW HITPOINT WARNING * * *
The yak gores you. You block the yak's attack. The wolf barely misses you.
You barely miss the yak.
The yak is severely wounded.
You hit the yak.
The yak is moderately wounded.
You slash the yak!
The yak is almost dead.
You miss the wolf.
The wolf is lightly wounded.
The wolf bites you!
* * * LOW HITPOINT WARNING * * *
The yak gores you!
* * * LOW HITPOINT WARNING * * *
The yak gores you!
You die...

.. , , , ..# * ,* .. #
*#.. ,* * .. P * #.## ,, *
.#.# #* #..# **, .#.###*
#.###..###..*### * * ..#.
... ........., ...
.#.##P.#..##..P## ..###*
.#..............##...(...
*
..##.#.....##...@Y......#*
* * , ...#
..........hYY..###.#
...##.##.##.##>.#...# * *
.[..# # ## #..##..#* ....#
* #..# ...#* , ....#, **
*,....,...# ..P.# .....#
.##* ** .##.# , ......,..
## .# .#.. ,, ,, *


You could see 3 yaks and a wolf.

Vanquished Creatures
  The ghost of Vidiiot the Cleaver, an experienced HOFi of Beogh (D:7)
  A hill giant (D:9)
  An oklob plant (Lair:1)
  A spiny frog (Lair:1)
  2 komodo dragons (D:8)
  A queen bee (D:9)
  A spriggan (D:8)
  Eustachio (D:7)
  2 yaks (Lair:1)
  3 hippogriffs
  A water moccasin (Lair:1)
  An ice beast (D:6)
  2 black bears
  3 orc warriors
  4 centaurs
  An eye of draining (D:9)
  An ogre (D:5)
  2 big kobolds
  A crocodile (D:9)
  2 giant frogs
  19 killer bees
  3 scorpions
  3 wights (D:9)
  2 goliath beetles
  A hound (D:9)
  4 crimson imps
  7 orc priests
  2 giant frog zombies
  A centaur skeleton (D:6)
  A giant frog skeleton (D:9)
  6 orc wizards
  2 iguanas
  8 worker ants
  A killer bee zombie (D:8)
  The ghost of BLOAX the Ducker, a weakling SpFi (D:3)
  A hound zombie (D:6)
  14 adders
  4 gnolls (D:2)
  3 white imps (D:7)
  5 shadow imps
  5 worms
  3 giant geckos
  2 oozes
  18 orcs
  3 ball pythons
  13 giant cockroaches
  16 hobgoblins
  10 jackals
  3 quokkas
  11 bats
  A giant gecko skeleton (D:8)
  A giant gecko zombie (D:5)
  5 giant newts
  11 goblins
  28 kobolds
  2 quokka skeletons (D:4)
  13 rats
  9 ballistomycetes
  A butterfly (D:4)
  2 fungi (D:9)
  A plant (D:8)
278 creatures vanquished.

Vanquished Creatures (collateral kills)
  3 electric eels (D:9)
  A kobold (D:9)
  A rat (D:9)
5 creatures vanquished.

Vanquished Creatures (others)
  An ogre (D:9)
  A jackal (D:3)
  4 giant spores
  A fungus (Lair:1)
  A plant (D:8)
8 creatures vanquished.

Grand Total: 291 creatures vanquished

Notes
Turn   | Place    | Note
--------------------------------------------------------------
     0 | D:1      | poirepourri, the Deep Dwarf Berserker, began the quest for the Orb.
     0 | D:1      | Reached XP level 1. HP: 20/20 MP: 1/1
   115 | D:1      | Reached XP level 2. HP: 21/27 MP: 2/2
   418 | D:1      | Acquired Trog's second power
   754 | D:2      | Reached XP level 3. HP: 31/34 MP: 3/3
  1172 | D:2      | Reached XP level 4. HP: 16/42 MP: 4/4
  1479 | D:3      | Found a bloodstained altar of Trog.
  1483 | D:3      | Found a blossoming altar of Fedhas.
  1497 | D:3      | Noticed BLOAX's ghost (weakling SpFi)
  1512 | D:3      | Killed BLOAX's ghost
  1582 | D:3      | Gained mutation: You are partially covered in thin metallic scales (AC +2). [potion of mutation]
  1582 | D:3      | Gained mutation: You are partially covered in large bone plates (AC +2, SH +2). [potion of mutation]
  1582 | D:3      | Gained mutation: You expend magic power (3 MP) to slightly strengthen your wands. [potion of mutation]
  1703 | D:3      | Found a white marble altar of Elyvilon.
  1724 | D:3      | Reached skill level 4 in Dodging
  1737 | D:3      | Reached XP level 5. HP: 45/50 MP: 5/5
  1891 | D:3      | Found a shadowy altar of Dithmenos.
  1944 | D:3      | Found a glowing silver altar of Zin.
  1994 | D:3      | Found a burning altar of Makhleb.
  1994 | D:3      | Found a radiant altar of Vehumet.
  2040 | D:3      | Reached skill level 1 in Stealth
  2468 | D:4      | Found a shimmering altar of Xom.
  2630 | D:4      | Reached XP level 6. HP: 57/57 MP: 6/6
  3043 | D:5      | Entered Level 5 of the Dungeon
  3058 | D:5      | Acquired Trog's third power
  3073 | D:5      | HP: 1/58 [kobold/whip of electrocution (14)]
  3475 | D:5      | Reached skill level 5 in Dodging
  3502 | D:5      | Found a staircase to the Ecumenical Temple.
  3587 | D:5      | Found an ancient bone altar of Kikubaaqudgha.
  3777 | D:5      | Found a glowing golden altar of the Shining One.
  3867 | D:6      | Reached XP level 7. HP: 66/66 MP: 7/7
  3877 | D:6      | Reached skill level 5 in Axes
  3958 | D:6      | Reached skill level 5 in Fighting
  4735 | D:6      | Reached XP level 8. HP: 63/75 MP: 8/8
  4797 | D:6      | Reached skill level 6 in Axes
  5334 | D:7      | Noticed Vidiiot's ghost (experienced HOFi)
  5349 | D:7      | Killed Vidiiot's ghost
  5349 | D:7      | Reached skill level 7 in Axes
  5349 | D:7      | Reached skill level 5 in Armour
  5602 | D:7      | Gained mutation: You passively map the area around you. [level up]
  5602 | D:7      | Reached XP level 9. HP: 55/85 MP: 9/9
  5653 | D:7      | Found an opulent altar of Gozag.
  5698 | D:7      | Noticed Eustachio
  5726 | D:7      | Killed Eustachio
  6258 | D:8      | Found Kleuq's Gadget Shop.
  6277 | D:8      | Reached skill level 1 in Shields
  6298 | D:8      | Bought a plain deck of destruction for 154 gold pieces
  6470 | D:8      | Reached skill level 8 in Axes
  6587 | D:8      | Found a staircase to the Lair.
  6589 | D:8      | Noticed a komodo dragon
  6620 | D:8      | Killed a komodo dragon
  7126 | Lair:1   | Entered Level 1 of the Lair of Beasts
  7126 | Lair:1   | Found a shadowy altar of Dithmenos.
  7126 | Lair:1   | Noticed an oklob plant
  7126 | Lair:1   | Noticed a komodo dragon
  7135 | D:8      | Killed a komodo dragon
  7449 | D:9      | Reached XP level 10. HP: 96/96 MP: 9/9
  7633 | D:9      | Reached skill level 9 in Axes
  7673 | D:9      | Noticed a hill giant
  7686 | D:9      | Killed a hill giant
  7919 | D:9      | Found a deep blue altar of Sif Muna.
  8628 | Lair:1   | Killed an oklob plant
  8891 | Lair:1   | Reached skill level 1 in Evocations
  8933 | Lair:1   | Slain by a yak

Action                   |  1- 3 |  4- 6 |  7- 9 | 10-12 || total
-------------------------+-------+-------+-------+-------++-------
Melee: Hand axe          |   140 |   121 |       |       ||   261
       War axe           |       |   146 |   423 |   234 ||   803
Invok: Berserk           |     1 |     4 |     3 |     2 ||    10
       Trog's Hand       |       |     5 |    13 |     9 ||    27
       Brothers in Arms  |       |       |       |     2 ||     2
 Abil: Device Recharging |       |       |     1 |     1 ||     2
Evoke: Wand              |     1 |     4 |     3 |     5 ||    13
  Use: Potion            |     3 |     6 |     4 |     3 ||    16
       Scroll            |       |    11 |     4 |       ||    15
  Eat: Beef jerky        |     1 |     2 |       |       ||     3
       Meat ration       |       |     2 |     2 |     1 ||     5
       Fruit             |       |     3 |     1 |       ||     4
       Bread ration      |       |       |     1 |     1 ||     2
